| TOP OF THE 1ST |
|
Rome Braves batting - Pitching for Tri-City Dust Devils : LHP Juan Lopez
|
|
Pitching: LHP Juan Lopez
|
|
|
Batting: SHB Jose Melendez
|
0-0: Foul Ball, location: 2F 0-1: Called Strike 0-2: Ball 1-2: Ground out 3-1 (Groundball, 34S, EV 71.2 MPH)
|
|
Batting: RHB Tim Molchan
|
0-0: Ball 1-0: Called Strike 1-1: SINGLE (Groundball, 25, EV 68.8 MPH) (infield hit)
|
|
Batting: RHB Yojiro Hayashi
|
0-0: Called Strike 0-1: Swinging Strike 0-2: Ball 1-2: Ball 2-2: Strikes out looking
|
|
Batting: SHB Jordan Barragan
|
0-0: Ball 1-0: Foul Ball, location: 2F 1-1: Foul Ball, location: 2F 1-2: Ball 2-2: Fielders Choice at 2nd, 5-4 (Groundball, 56, EV 94.4 MPH)
|
| Top of the 1st over - 0 runs, 1 hit, 0 errors, 1 left on base; Rome 0 - Tri-City 0 |
| BOTTOM OF THE 1ST |
|
Tri-City Dust Devils batting - Pitching for Rome Braves : RHP Marvin Rosas
|
|
Pitching: RHP Marvin Rosas
|
|
|
Batting: RHB Dave McBain
|
0-0: Fly out, F8 (Flyball, 8LD, EV 94.4 MPH)
|
|
Batting: LHB Phil Lerner
|
0-0: Foul Ball, location: 2F 0-1: Foul Ball, location: 2F 0-2: Foul Ball, location: 2F 0-2: Ball 1-2: Ball 2-2: Foul Ball, location: 2F 2-2: Ball 3-2: Strikes out swinging
|
|
Batting: LHB Tony Contreras
|
0-0: Ball 1-0: SINGLE (Popup, 34D, EV 69.4 MPH)
|
|
Batting: RHB Eric McMillian
|
0-0: Ball Tony Contreras steals 2nd base 1-0: SINGLE (Line Drive, 34D, EV 94.4 MPH) Tony Contreras to third
|
|
Batting: SHB Manny Berrones
|
0-0: Called Strike 0-1: Fly out, F7 (Flyball, 78M, EV 86.9 MPH)
|
| Bottom of the 1st over - 0 runs, 2 hits, 0 errors, 2 left on base; Rome 0 - Tri-City 0 |
| TOP OF THE 2ND |
|
Rome Braves batting - Pitching for Tri-City Dust Devils : LHP Juan Lopez
|
|
Batting: LHB Ryan Murdock
|
0-0: Swinging Strike 0-1: Foul Ball, location: 2F 0-2: Ground out 5-3 (Groundball, 56, EV 89.4 MPH)
|
|
Batting: LHB Joe Phillips
|
0-0: Ball 1-0: Foul Ball, location: 2F 1-1: Ball 2-1: SINGLE (Groundball, 34D, EV 102.5 MPH)
|
|
Batting: RHB Terry Hughes
|
0-0: Called Strike 0-1: Foul Ball, location: 2F 0-2: Foul Ball, location: 2F 0-2: Strikes out looking
|
|
Batting: RHB Gerard Michel
|
0-0: Foul Ball, location: 2F 0-1: Fly out, F9 (Flyball, 89D, EV 86.2 MPH)
|
| Top of the 2nd over - 0 runs, 1 hit, 0 errors, 1 left on base; Rome 0 - Tri-City 0 |
| BOTTOM OF THE 2ND |
|
Tri-City Dust Devils batting - Pitching for Rome Braves : RHP Marvin Rosas
|
|
Batting: RHB Ryan Marler
|
0-0: Called Strike 0-1: Ground out 6-3 (Groundball, 6, EV 82.5 MPH)
|
|
Batting: RHB Aaron Joseph
|
0-0: Foul Ball, location: 2F 0-1: Ball 1-1: Foul Ball, location: 2F 1-2: Ground out 3-1 (Groundball, 34, EV 86.9 MPH)
|
|
Batting: RHB Alex Collazo
|
0-0: Ball 1-0: Ball 2-0: Ground out 6-3 (Groundball, 56, EV 90.6 MPH)
|
| Bottom of the 2nd over - 0 runs, 0 hits, 0 errors, 0 left on base; Rome 0 - Tri-City 0 |
| TOP OF THE 3RD |
|
Rome Braves batting - Pitching for Tri-City Dust Devils : LHP Juan Lopez
|
|
Batting: RHB Adrian Billups
|
0-0: Ball 1-0: Ball 2-0: Fly out, F8 (Line Drive, 8LM, EV 91.9 MPH)
|
|
Batting: SHB Jose Melendez
|
0-0: Foul Ball, location: 2F 0-1: Ball 1-1: Foul Ball, location: 2F 1-2: Ball 2-2: Ground out 4-3 (Groundball, 4, EV 91.9 MPH)
|
|
Batting: RHB Tim Molchan
|
0-0: Ball 1-0: Called Strike 1-1: Ball 2-1: Foul Ball, location: 2F 2-2: DOUBLE (Groundball, 5L, EV 105.0 MPH)
|
|
Batting: RHB Yojiro Hayashi
|
0-0: Called Strike 0-1: Called Strike 0-2: Strikes out swinging
|
| Top of the 3rd over - 0 runs, 1 hit, 0 errors, 1 left on base; Rome 0 - Tri-City 0 |
| BOTTOM OF THE 3RD |
|
Tri-City Dust Devils batting - Pitching for Rome Braves : RHP Marvin Rosas
|
|
Batting: RHB Ed Oake
|
0-0: Ball 1-0: Ground out 3-1 (Groundball, 34S, EV 81.9 MPH)
|
|
Batting: RHB Dave McBain
|
0-0: DOUBLE (Line Drive, 7LS, EV 95.0 MPH)
|
|
Batting: LHB Phil Lerner
|
0-0: Called Strike Dave McBain is caught stealing 3rd base 2-5 0-1: Swinging Strike 0-2: Ball 1-2: Foul Ball, location: 2F 1-2: Ball 2-2: Foul Ball, location: 2F 2-2: Strikes out swinging
|
| Bottom of the 3rd over - 0 runs, 1 hit, 0 errors, 0 left on base; Rome 0 - Tri-City 0 |
| TOP OF THE 4TH |
|
Rome Braves batting - Pitching for Tri-City Dust Devils : LHP Juan Lopez
|
|
Batting: SHB Jordan Barragan
|
0-0: Ball 1-0: Ball 2-0: Foul Ball, location: 2F 2-1: Ball 3-1: Foul Ball, location: 2F 3-2: Fly out, F8 (Flyball, 8LD, EV 75.6 MPH)
|
|
Batting: LHB Ryan Murdock
|
0-0: Ball 1-0: DOUBLE (Line Drive, 78XD, EV 99.4 MPH)
|
|
Batting: LHB Joe Phillips
|
0-0: Ball 1-0: Fly out, F4 (Line Drive, 4M, EV 68.1 MPH)
|
|
Batting: RHB Terry Hughes
|
0-0: Ball 1-0: Called Strike 1-1: Ball 2-1: Ground out 5-3 (Groundball, 56S, EV 88.8 MPH)
|
| Top of the 4th over - 0 runs, 1 hit, 0 errors, 1 left on base; Rome 0 - Tri-City 0 |
| BOTTOM OF THE 4TH |
|
Tri-City Dust Devils batting - Pitching for Rome Braves : RHP Marvin Rosas
|
|
Batting: LHB Tony Contreras
|
0-0: Ball 1-0: Foul Ball, location: 2F 1-1: Foul Ball, location: 2F 1-2: Ball 2-2: Foul Ball, location: 2F 2-2: Foul Ball, location: 2F 2-2: Foul Ball, location: 2F 2-2: Strikes out swinging
|
|
Batting: RHB Eric McMillian
|
0-0: Foul Ball, location: 2F 0-1: Ball 1-1: Ball 2-1: Ground out 6-3 (Groundball, 6, EV 107.5 MPH)
|
|
Batting: SHB Manny Berrones
|
0-0: Ball 1-0: Called Strike 1-1: Swinging Strike 1-2: Ball 2-2: Ball 3-2: Strikes out looking
|
| Bottom of the 4th over - 0 runs, 0 hits, 0 errors, 0 left on base; Rome 0 - Tri-City 0 |
| TOP OF THE 5TH |
|
Rome Braves batting - Pitching for Tri-City Dust Devils : LHP Juan Lopez
|
|
Batting: RHB Gerard Michel
|
0-0: Ball 1-0: Foul Ball, location: 2F 1-1: DOUBLE (Groundball, 5L, EV 109.4 MPH)
|
|
Batting: RHB Adrian Billups
|
0-0: Ball 1-0: Called Strike 1-1: Called Strike Balk! Gerard Michel to third 1-2: Strikes out looking
|
|
Batting: SHB Jose Melendez
|
0-0: Ball 1-0: Ball 2-0: Called Strike 2-1: Ball 3-1: Swinging Strike 3-2: Fly out, F8 (Flyball, 8LD, EV 98.8 MPH)
|
|
Batting: RHB Tim Molchan
|
0-0: Called Strike 0-1: SINGLE (Groundball, 6MS, EV 65.0 MPH) (infield hit) Gerard Michel scores
|
|
Pitching: RHP Tony Black
|
|
|
Batting: RHB Yojiro Hayashi
|
0-0: Called Strike Tim Molchan is caught stealing 2nd base 2-4
|
| Top of the 5th over - 1 run, 2 hits, 0 errors, 0 left on base; Rome 1 - Tri-City 0 |
| BOTTOM OF THE 5TH |
|
Tri-City Dust Devils batting - Pitching for Rome Braves : RHP Marvin Rosas
|
|
Batting: RHB Ryan Marler
|
0-0: Ball 1-0: Swinging Strike 1-1: Ground out 6-3 (Groundball, 56D, EV 88.1 MPH)
|
|
Batting: RHB Aaron Joseph
|
0-0: Ground out 4-3 (Groundball, 4, EV 81.2 MPH)
|
|
Batting: RHB Alex Collazo
|
0-0: Ball 1-0: Swinging Strike 1-1: Ball 2-1: Ground out 6-3 (Groundball, 6, EV 89.4 MPH)
|
| Bottom of the 5th over - 0 runs, 0 hits, 0 errors, 0 left on base; Rome 1 - Tri-City 0 |
| TOP OF THE 6TH |
|
Rome Braves batting - Pitching for Tri-City Dust Devils : RHP Tony Black
|
|
Batting: RHB Yojiro Hayashi
|
0-0: Called Strike 0-1: Ball 1-1: Foul Ball, location: 2F 1-2: Strikes out swinging, 2-3 out at first.
|
|
Batting: SHB Jordan Barragan
|
0-0: Called Strike 0-1: Foul Ball, location: 2F 0-2: Ball 1-2: Foul Ball, location: 2F 1-2: Ball 2-2: Strikes out swinging
|
|
Batting: LHB Ryan Murdock
|
0-0: Called Strike 0-1: Foul Ball, location: 2F 0-2: Ball 1-2: Foul Ball, location: 2F 1-2: Foul Ball, location: 2F 1-2: Foul Ball, location: 2F 1-2: Strikes out swinging
|
| Top of the 6th over - 0 runs, 0 hits, 0 errors, 0 left on base; Rome 1 - Tri-City 0 |
| BOTTOM OF THE 6TH |
|
Tri-City Dust Devils batting - Pitching for Rome Braves : RHP Marvin Rosas
|
|
Batting: RHB Ed Oake
|
0-0: Called Strike 0-1: Ground out 4-3 (Groundball, 4, EV 100.6 MPH)
|
|
Batting: RHB Dave McBain
|
0-0: Called Strike 0-1: SINGLE (Line Drive, 8LS, EV 92.5 MPH)
|
|
Batting: LHB Phil Lerner
|
0-0: Ball Dave McBain is caught stealing 2nd base 2-6 1-0: Fly out, F9 (Flyball, 89S, EV 95.6 MPH)
|
| Bottom of the 6th over - 0 runs, 1 hit, 0 errors, 0 left on base; Rome 1 - Tri-City 0 |
| TOP OF THE 7TH |
|
Rome Braves batting - Pitching for Tri-City Dust Devils : RHP Tony Black
|
|
Pitching: RHP Sean Fowler
|
|
|
Batting: LHB Joe Phillips
|
0-0: Ball 1-0: Called Strike 1-1: Ball 2-1: Ground out U3 (Groundball, 34S, EV 92.5 MPH)
|
|
Batting: RHB Terry Hughes
|
0-0: Ground out 5-3 (Groundball, 56, EV 77.5 MPH)
|
|
Batting: RHB Gerard Michel
|
0-0: Ball 1-0: Ball 2-0: DOUBLE (Line Drive, 78XD, EV 107.5 MPH)
|
|
Batting: RHB Adrian Billups
|
0-0: Ball 1-0: Ball 2-0: SINGLE (Groundball, 6MD, EV 106.9 MPH) Gerard Michel to third Runner from 3rd tries for Home, SAFE, throw by CF to home
|
|
Batting: SHB Jose Melendez
|
0-0: Called Strike Adrian Billups steals 2nd base 0-1: Ground out 4-3 (Groundball, 4, EV 88.1 MPH)
|
| Top of the 7th over - 1 run, 2 hits, 0 errors, 1 left on base; Rome 2 - Tri-City 0 |
| BOTTOM OF THE 7TH |
|
Tri-City Dust Devils batting - Pitching for Rome Braves : RHP Marvin Rosas
|
|
Batting: LHB Tony Contreras
|
0-0: Called Strike 0-1: Fly out, F8 (Line Drive, 8RM, EV 90.6 MPH)
|
|
Batting: RHB Eric McMillian
|
0-0: Ground out 4-3 (Groundball, 4D, EV 80.0 MPH)
|
|
Batting: SHB Manny Berrones
|
0-0: Fly out, F8 (Flyball, 8RM, EV 95.6 MPH)
|
| Bottom of the 7th over - 0 runs, 0 hits, 0 errors, 0 left on base; Rome 2 - Tri-City 0 |
| TOP OF THE 8TH |
|
Rome Braves batting - Pitching for Tri-City Dust Devils : RHP Sean Fowler
|
|
Pitching: RHP Nick Goodlow
|
|
|
Batting: RHB Tim Molchan
|
0-0: Ball 1-0: Ground out 4-3 (Groundball, 4, EV 86.9 MPH)
|
|
Batting: RHB Yojiro Hayashi
|
0-0: Ball 1-0: SINGLE (Groundball, 6D, EV 95.0 MPH)
|
|
Batting: SHB Jordan Barragan
|
0-0: Ball 1-0: Ball Yojiro Hayashi steals 2nd base 2-0: Called Strike 2-1: Swinging Strike 2-2: Foul Ball, location: 2F 2-2: Strikes out swinging
|
|
Batting: LHB Ryan Murdock
|
0-0: Called Strike 0-1: Swinging Strike 0-2: Strikes out swinging
|
| Top of the 8th over - 0 runs, 1 hit, 0 errors, 1 left on base; Rome 2 - Tri-City 0 |
| BOTTOM OF THE 8TH |
|
Tri-City Dust Devils batting - Pitching for Rome Braves : RHP Marvin Rosas
|
|
Now at 1B: Ryan Murdock
|
|
|
Now in LF: George Provance
|
|
|
Batting: RHB Ryan Marler
|
0-0: Foul Ball, location: 2F 0-1: Ball 1-1: Called Strike 1-2: Hit by Pitch
|
|
Pinch Hitting: LHB James McCauley
|
0-0: Ball 1-0: Ball 2-0: Ball 3-0: Base on Balls Ryan Marler to second
|
|
Pinch Hitting: LHB Hugo MacBeth
|
0-0: Called Strike 0-1: Foul Ball, location: 2F 0-2: Strikes out swinging
|
|
Pinch Hitting: LHB Conor Barron
|
0-0: Ball 1-0: Ball 2-0: Ball 3-0: Called Strike 3-1: Base on Balls Ryan Marler to third James McCauley to second
|
|
Pitching: RHP Greg Hart
|
|
|
Batting: RHB Dave McBain
|
0-0: Called Strike 0-1: SINGLE (Groundball, 6MD, EV 106.9 MPH) Ryan Marler scores James McCauley to third Conor Barron to second
|
|
Batting: LHB Phil Lerner
|
0-0: Called Strike 0-1: Called Strike 0-2: Foul Ball, location: 2F 0-2: Ball 1-2: Foul Ball, location: 2F 1-2: Strikes out looking
|
|
Batting: LHB Tony Contreras
|
0-0: Ball 1-0: Fly out, F8 (Line Drive, 8LM, EV 107.5 MPH)
|
| Bottom of the 8th over - 1 run, 1 hit, 0 errors, 3 left on base; Rome 2 - Tri-City 1 |
| TOP OF THE 9TH |
|
Rome Braves batting - Pitching for Tri-City Dust Devils : RHP Nick Goodlow
|
|
Pitching: RHP Brian Mahoney
|
|
|
Now at 3B: Paul Van Gilder
|
|
|
Now at SS: Brett Steele
|
|
|
Now in LF: James McCauley
|
|
|
Batting: LHB Joe Phillips
|
0-0: Ball 1-0: Called Strike 1-1: Ball 2-1: Foul Ball, location: 2F 2-2: SINGLE (Groundball, 34D, EV 100.0 MPH)
|
|
Batting: RHB George Provance
|
0-0: Bunt - Flyout to 5S! F5
|
|
Batting: RHB Gerard Michel
|
0-0: Called Strike 0-1: Called Strike 0-2: Strikes out swinging
|
|
Batting: RHB Adrian Billups
|
0-0: Ball 1-0: SINGLE (Groundball, 34D, EV 101.2 MPH) Joe Phillips to second Runner from 2nd tries for 3rd, SAFE, throw by RF made to third
|
|
Batting: SHB Jose Melendez
|
0-0: Called Strike 0-1: Ball 1-1: Fly out, F7 (Flyball, 7, EV 92.5 MPH)
|
| Top of the 9th over - 0 runs, 2 hits, 0 errors, 2 left on base; Rome 2 - Tri-City 1 |
| BOTTOM OF THE 9TH |
|
Tri-City Dust Devils batting - Pitching for Rome Braves : RHP Greg Hart
|
|
Pitching: LHP Shingo Miura
|
|
|
Batting: RHB Eric McMillian
|
0-0: Ball 1-0: Called Strike 1-1: Ball 2-1: Swinging Strike 2-2: Strikes out looking
|
|
Batting: SHB Manny Berrones
|
0-0: Ground out 4-3 (Groundball, 34, EV 106.9 MPH)
|
|
Batting: RHB Ryan Marler
|
0-0: Called Strike 0-1: Hit by Pitch
|
|
Batting: LHB James McCauley
|
0-0: Ball 1-0: Ball 2-0: Called Strike 2-1: SINGLE (Line Drive, 78M, EV 91.9 MPH) Ryan Marler to second Runner from 2nd tries for 3rd, SAFE, no throw by CF
|
|
Batting: RHB Paul Van Gilder
|
0-0: Called Strike 0-1: Ball 1-1: Ball 2-1: DOUBLE (Line Drive, 7LS, EV 93.8 MPH) Ryan Marler scores James McCauley to third
|
|
Batting: RHB Brett Steele
|
0-0: Ball 1-0: Ground out 6-3 (Groundball, 6, EV 101.9 MPH)
|
| Bottom of the 9th over - 1 run, 2 hits, 0 errors, 2 left on base; Rome 2 - Tri-City 2 |
| TOP OF THE 10TH |
|
Rome Braves batting - Pitching for Tri-City Dust Devils : RHP Brian Mahoney
|
|
Pitching: RHP Mike Swenson
|
|
|
Batting: RHB Tim Molchan
|
0-0: Ball 1-0: Called Strike 1-1: Fly out, F5 (Popup, 56, EV 53.1 MPH)
|
|
Batting: RHB Yojiro Hayashi
|
0-0: Called Strike 0-1: Called Strike 0-2: Ground out 6-3 (Groundball, 6, EV 82.5 MPH)
|
|
Batting: SHB Jordan Barragan
|
0-0: Foul Ball, location: 2F 0-1: Called Strike 0-2: Strikes out looking
|
| Top of the 10th over - 0 runs, 0 hits, 0 errors, 0 left on base; Rome 2 - Tri-City 2 |
| BOTTOM OF THE 10TH |
|
Tri-City Dust Devils batting - Pitching for Rome Braves : LHP Shingo Miura
|
|
Batting: RHB Dave McBain
|
0-0: Ball 1-0: Swinging Strike 1-1: Foul Ball, location: 2F 1-2: Ball 2-2: Foul Ball, location: 2F 2-2: SINGLE (Line Drive, 8LS, EV 100.6 MPH)
|
|
Batting: LHB Phil Lerner
|
0-0: Called Strike Dave McBain is caught stealing 2nd base 2-6 0-1: Ball 1-1: Foul Ball, location: 2F 1-2: Foul Ball, location: 2F 1-2: Strikes out swinging
|
|
Batting: SHB Blake Abbott
|
0-0: Called Strike 0-1: Ball 1-1: Foul Ball, location: 2F 1-2: Strikes out looking
|
| Bottom of the 10th over - 0 runs, 1 hit, 0 errors, 0 left on base; Rome 2 - Tri-City 2 |
| TOP OF THE 11TH |
|
Rome Braves batting - Pitching for Tri-City Dust Devils : RHP Mike Swenson
|
|
Batting: LHB Ryan Murdock
|
0-0: Ball 1-0: Ball 2-0: SINGLE (Groundball, 4D, EV 100.0 MPH)
|
|
Batting: LHB Joe Phillips
|
0-0: Ball Ryan Murdock steals 2nd base 1-0: Intentional Walk
|
|
Batting: RHB George Provance
|
0-0: Bunt missed! 0-1: Bunt missed! 0-2: Ball 1-2: Strikes out looking
|
|
Batting: RHB Gerard Michel
|
0-0: Ball 1-0: Called Strike 1-1: Fly out, F8 (Line Drive, 8LD, EV 92.5 MPH) Runner from 2nd tags up, SAFE at 3rd with throw by CF
|
|
Pitching: RHP Zach Monlux
|
|
|
Pinch Hitting: LHB Andres Aldape
|
0-0: Ball 1-0: Foul Ball, location: 2F 1-1: Foul Ball, location: 2F 1-2: Ball 2-2: Strikes out swinging
|
| Top of the 11th over - 0 runs, 1 hit, 0 errors, 2 left on base; Rome 2 - Tri-City 2 |
| BOTTOM OF THE 11TH |
|
Tri-City Dust Devils batting - Pitching for Rome Braves : LHP Shingo Miura
|
|
Pitching: RHP Jessie Mattei
|
|
|
Now at 2B: Malik Boulay
|
|
|
Now at SS: Joe Phillips
|
|
|
Batting: RHB Eric McMillian
|
0-0: Ball 1-0: Foul Ball, location: 2F 1-1: Ball 2-1: Fly out, F9 (Line Drive, 9, EV 102.5 MPH)
|
|
Batting: SHB Manny Berrones
|
0-0: Ball 1-0: Ball 2-0: Called Strike 2-1: Foul Ball, location: 2F 2-2: Ground out 4-3 (Groundball, 3D, EV 100.0 MPH)
|
|
Pinch Hitting: LHB Jeremy DiGenova
|
0-0: Called Strike 0-1: SOLO HOME RUN (Flyball, 7D, EV 97.5 MPH), Distance : 351 ft
|
| Bottom of the 11th over - 1 run, 1 hit, 0 errors, 0 left on base; Rome 2 - Tri-City 3 |
|